 Dungeon Crawl Stone Soup version 0.29.0-4-gdea44cf6ec (webtiles) character file.

Game seed: 7437101585855169888

5997 qw the Grappler (level 10, -1/96 HPs)
             Began as a Troll Cinder Acolyte on Sept 1, 2022.
             Was a Follower of Ignis.
             Slain by an orc warrior
             ... wielding a +0 war axe
              (8 damage)
             ... on level 9 of the Dungeon.
             The game lasted 00:04:13 (7487 turns).

qw the Grappler (Troll Cinder Acolyte)              Turns: 7487, Time: 00:04:14

Health: -1/96      AC: 21    Str: 28    XL:     10   Next: 55%
Magic:  0/10       EV:  9    Int: 10    God:    Ignis [*.....]
Gold:   425        SH:  0    Dex:  5    Spells: 11/11 levels left

rFire   + . .      SeeInvis .     - Unarmed
rCold   . . .      Faith    .   (no shield)
rNeg    . . .      Spirit   +   e - +0 steam dragon scales
rPois   .          Reflect  .   (helmet restricted)
rElec   .          Harm     .   f - +2 cloak
rCorr   .          Rampage  .   (gloves unavailable)
Will    +....                   (boots unavailable)
Stlth   +.........              a - amulet of guardian spirit
HPRegen 1.06/turn               k - ring of willpower
MPRegen 0.12/turn               h - +4 ring of protection

@: lethally poisoned (-1 -> -2), fiery-armoured
A: large, unfitting armour, claws 3, regeneration 1, shaggy fur 1, tough skin 1
a: Renounce Religion, Fiery Armour, Foxfire Swarm, Rising Flame


You were on level 9 of the Dungeon.
You worshipped Ignis.
Ignis was aware of your devotion.
You visited 1 branch of the dungeon, and saw 9 of its levels.

You collected 425 gold pieces.


Innate Abilities, Weirdness & Mutations

You are too large for most types of armour.
You have claws for hands.
Your natural rate of healing is unusually fast.
You are covered in fur. (AC +1)
You have tough skin. (AC +1)


   Skills:
 - Level 5.0 Fighting
 - Level 4.0 Throwing
 - Level 3.1 Armour
 - Level 2.0 Dodging
 + Level 13.7 Unarmed Combat
 - Level 1.0 Spellcasting
 - Level 2.1 Fire Magic


You had 11 spell levels left.
You didn't know any spells.
Your spell library contained the following spells:

 Spells                   Type           Power      Damage    Failure   Level
 Scorch                   Fire           8%         2d5       22%         2

Inventory:

Missiles
 l - a javelin
 m - a silver boomerang (quivered)
Armour
 e - +0 steam dragon scales (worn)
 f - a +2 cloak (worn)
Jewellery
 a - an amulet of guardian spirit (around neck)
 h - a +4 ring of protection (right claw)
 k - a ring of willpower (left claw)
Scrolls
 g - a scroll of magic mapping {unknown}
 i - 3 scrolls of identify
Potions
 b - a potion of mutation
 c - a potion of might
 d - 5 potions of curing
 j - a potion of haste

Dungeon Overview and Level Annotations

Branches:
Dungeon (9/15)             Temple (0/1) D:7             Orc (0/2) D:9
   Lair: D:8-11

Altars:
Trog
Wu Jian

Portals:
Bailey: D:8

Annotations:
D:4 1 runed translucent door, Crazy Yiuf
D:6 3 runed translucent doors, qw's ghost, amateur TrCA


Message History

The gnoll sergeant is severely wounded.
You feel sick.
The gnoll sergeant hits you with a +0 spear of venom.
You are more poisoned.
The gnoll sergeant is burned by your cloak of flames.
The gnoll sergeant is almost dead.
The orc warrior hits you with a +0 war axe.
The orc warrior is burned by your cloak of flames.
The orc warrior is lightly wounded.
You scratch the gnoll sergeant but do no damage.
The gnoll sergeant is almost dead.
You feel very sick.
The gnoll sergeant hits you with a +0 spear of venom.
The gnoll sergeant is burned by your cloak of flames.
The gnoll sergeant is almost dead.
The orc warrior hits you with a +0 war axe.
You mangle the gnoll sergeant!!
You kill the gnoll sergeant!
You feel very sick. The orc warrior barely misses you.
You scratch the orc warrior but do no damage.
The orc warrior is lightly wounded.
You feel very sick.
You barely miss the orc warrior.
The orc warrior is lightly wounded.
You feel sick.
The orc warrior hits you but does no damage.
You scratch the orc warrior but do no damage.
The orc warrior is lightly wounded.
You feel sick.
7485 ||| Stepping ~*~*~tactically~*~*~ (outnumbered).
You feel sick.
You closely miss the orc warrior.
The orc warrior is lightly wounded.
You feel sick.
You claw the orc warrior! Your claw misses the orc warrior.
The orc warrior is heavily wounded.
You feel sick.
The orc warrior hits you with a +0 war axe!
You die... ############ #....oo@...# #.###K####.# 8og

#.### #.o.
#...## #..g
###..# #...
##.# #8..
#.##########
####
#..........#
#..........#


You could see an orc warrior, a kobold brigand and 2 orcs.

Vanquished Creatures
  A two-headed ogre (D:9)
  Pikel (D:7)
  Joseph (D:7)
  2 trolls (D:9)
  Sigmund (D:3)
  A wyvern (D:9)
  A steam dragon (D:6)
  Menkaure (D:4)
  A water moccasin (D:5)
  A sky beast (D:8)
  2 orc warriors (D:9)
  A black bear (D:6)
  An ice beast (D:6)
  A centaur (D:9)
  A phantom (D:5)
  2 kobold brigands
  Blork the orc (D:6)
  2 bullfrogs
  A necrophage (D:8)
  A scorpion (D:6)
  3 gnoll sergeants (D:9)
  4 wights (D:7)
  20 killer bees
  2 howler monkeys (D:7)
  3 jellies
  6 orc priests
  5 hounds
  7 iguanas
  10 orc wizards
  7 gnolls
  9 adders
  3 white imps
  An ufetubus (D:4)
  A worm (D:3)
  A dart slug (D:1)
  32 orcs
  10 ball pythons
  8 endoplasms
  A giant cockroach (D:3)
  2 hobgoblins
  4 jackals (D:3)
  15 kobolds
  10 quokkas
  4 bats
  6 frilled lizards
  6 goblins
  5 rats
209 creatures vanquished.

Vanquished Creatures (others)
  A plant (D:7)
1 creature vanquished.

Grand Total: 210 creatures vanquished

Notes
Turn   | Place    | Note
-------+----------+-------------------------------------------
     0 | D:1      | qw the Troll Cinder Acolyte began the quest for the Orb.
     0 | D:1      | Reached XP level 1. HP: 22/22 MP: 1/1
     0 | D:1      | 0 ||| qw: Version: 0.1-a-97-g2dd2ca4
     0 | D:1      | 0 ||| qw: Game counter: 4874
     0 | D:1      | 0 ||| qw: Always use a shield: true
     0 | D:1      | 0 ||| qw: God list: Okawaru
     0 | D:1      | 0 ||| qw: Allow faded altars: false
     0 | D:1      | 0 ||| qw: Do Orc after D:15 true
     0 | D:1      | 0 ||| qw: Do second Lair branch before Depths: true
     0 | D:1      | 0 ||| qw: Lair rune preference: random
     0 | D:1      | 0 ||| qw: Plans: Normal
     0 | D:1      | 0 ||| PLANNING D:1-11
   107 | D:1      | 107 ||| Stepping ~*~*~tactically~*~*~ (stealth).
   193 | D:1      | Reached XP level 2. HP: 29/29 MP: 2/2
   256 | D:1      | 256 ||| Stepping ~*~*~tactically~*~*~ (hiding).
   350 | D:1      | 350 ||| Stepping ~*~*~tactically~*~*~ (stealth).
   524 | D:1      | Reached skill level 4 in Unarmed Combat
   790 | D:1      | 790 ||| Stepping ~*~*~tactically~*~*~ (stealth).
   943 | D:1      | 943 ||| READING scroll labelled JUEPOECZIRGH.
   944 | D:1      | 944 ||| READING scroll labelled YRESIT PETI.
   945 | D:1      | 945 ||| READING scroll labelled IMUUCL QIHUM.
   946 | D:1      | 946 ||| Stepping randomly (stuck).
   947 | D:1      | 947 ||| Stepping ~*~*~tactically~*~*~ (cloud).
  1006 | D:2      | 1006 ||| STAIRDANCE
  1011 | D:2      | 1011 ||| STAIRDANCE
  1016 | D:2      | 1016 ||| STAIRDANCE
  1032 | D:2      | You fall into a shaft and drop 2 floors!
  1037 | D:4      | 1037 ||| Stepping ~*~*~tactically~*~*~ (hiding).
  1047 | D:4      | Reached XP level 3. HP: 36/36 MP: 3/3
  1075 | D:4      | 1075 ||| Stepping ~*~*~tactically~*~*~ (stealth).
  1102 | D:4      | Reached skill level 5 in Unarmed Combat
  1102 | D:4      | Reached XP level 4. HP: 44/44 MP: 4/4
  1104 | D:4      | 1104 ||| Stepping ~*~*~tactically~*~*~ (stealth).
  1276 | D:2      | Reached XP level 5. HP: 39/50 MP: 5/5
  1322 | D:2      | 1322 ||| Stepping ~*~*~tactically~*~*~ (stealth).
  1325 | D:2      | 1325 ||| Stepping ~*~*~tactically~*~*~ (stealth).
  1331 | D:2      | 1331 ||| Stepping ~*~*~tactically~*~*~ (stealth).
  1332 | D:2      | 1332 ||| Stepping ~*~*~tactically~*~*~ (outnumbered).
  1333 | D:2      | 1333 ||| Stepping ~*~*~tactically~*~*~ (outnumbered).
  1334 | D:2      | 1334 ||| Stepping ~*~*~tactically~*~*~ (stealth).
  1335 | D:2      | 1335 ||| STAIRDANCE
  1338 | D:1      | 1338 ||| DRINKING 3 blue potions.
  1349 | D:2      | 1349 ||| Stepping ~*~*~tactically~*~*~ (stealth).
  1362 | D:2      | Reached skill level 6 in Unarmed Combat
  1393 | D:2      | Found a bloodstained altar of Trog.
  1600 | D:2      | 1600 ||| DROPPING ring of flight.
  1601 | D:2      | 1601 ||| READING scroll labelled CEULAG ROIC.
  1602 | D:2      | 1602 ||| READING scroll labelled XAHUUTA ZICIOF.
  1603 | D:2      | 1603 ||| READING 3 scrolls labelled QOTEHUOKHLA.
  1604 | D:2      | 1604 ||| DROPPING 2 scrolls of summoning.
  1648 | D:3      | 1648 ||| Stepping ~*~*~tactically~*~*~ (outnumbered).
  1702 | D:3      | 1702 ||| Stepping ~*~*~tactically~*~*~ (stealth).
  1703 | D:3      | 1703 ||| Stepping ~*~*~tactically~*~*~ (stealth).
  1704 | D:3      | 1704 ||| Stepping ~*~*~tactically~*~*~ (stealth).
  1705 | D:3      | 1705 ||| Stepping ~*~*~tactically~*~*~ (stealth).
  1706 | D:3      | 1706 ||| Stepping ~*~*~tactically~*~*~ (stealth).
  1707 | D:3      | 1707 ||| Stepping ~*~*~tactically~*~*~ (stealth).
  1791 | D:3      | Found a faded altar of an unknown god.
  1882 | D:3      | 1882 ||| Stepping ~*~*~tactically~*~*~ (stealth).
  1889 | D:3      | 1889 ||| Stepping ~*~*~tactically~*~*~ (outnumbered).
  2009 | D:3      | 2009 ||| Stepping ~*~*~tactically~*~*~ (stealth).
  2010 | D:3      | 2010 ||| Stepping ~*~*~tactically~*~*~ (stealth).
  2033 | D:3      | Noticed Sigmund
  2035 | D:3      | 2035 ||| FLEEEEING.
  2036 | D:3      | 2036 ||| FLEEEEING.
  2049 | D:3      | 2049 ||| INVOKING Fiery Armour.
  2054 | D:3      | Reached skill level 1 in Throwing
  2054 | D:3      | Killed Sigmund
  2055 | D:3      | Reached skill level 7 in Unarmed Combat
  2055 | D:3      | Reached XP level 6. HP: 27/59 MP: 6/6
  2230 | D:3      | 2230 ||| READING scroll labelled ZYONNOAHIE.
  2233 | D:3      | 2233 ||| READING 2 scrolls of identify.
  2233 | D:3      | 2233 ||| IDENTIFYING fizzy brown potion
  2535 | D:4      | 2535 ||| FLEEEEING.
  2536 | D:4      | 2536 ||| FLEEEEING.
  2537 | D:4      | 2537 ||| FLEEEEING.
  2538 | D:4      | 2538 ||| FLEEEEING.
  2539 | D:4      | 2539 ||| FLEEEEING.
  2540 | D:4      | 2540 ||| FLEEEEING.
  2560 | D:4      | Noticed Menkaure
  2567 | D:4      | Killed Menkaure
  2568 | D:4      | Reached skill level 8 in Unarmed Combat
  2568 | D:4      | Reached XP level 7. HP: 37/66 MP: 7/7
  2727 | D:4      | 2727 ||| Stepping ~*~*~tactically~*~*~ (outnumbered).
  2728 | D:4      | 2728 ||| Stepping ~*~*~tactically~*~*~ (outnumbered).
  2729 | D:4      | 2729 ||| Stepping ~*~*~tactically~*~*~ (outnumbered).
  2730 | D:4      | 2730 ||| Stepping ~*~*~tactically~*~*~ (outnumbered).
  2731 | D:4      | 2731 ||| Stepping ~*~*~tactically~*~*~ (outnumbered).
  2733 | D:4      | 2733 ||| FLEEEEING.
  2734 | D:4      | 2734 ||| FLEEEEING.
  2735 | D:4      | 2735 ||| FLEEEEING.
  2736 | D:4      | 2736 ||| FLEEEEING.
  2737 | D:4      | 2737 ||| FLEEEEING.
  2738 | D:4      | 2738 ||| FLEEEEING.
  2847 | D:4      | Found a runed translucent door.
  2848 | D:4      | Noticed Crazy Yiuf
  2886 | D:4      | Found an ornate altar of the Wu Jian Council.
  3053 | D:4      | 3053 ||| UPGRADING to ring of willpower.
  3054 | D:4      | 3054 ||| READING scroll labelled YBBASO KASMONK.
  3055 | D:4      | 3055 ||| DRINKING 2 fizzy dark potions.
  3056 | D:4      | 3056 ||| DRINKING 2 yellow potions.
  3057 | D:4      | 3057 ||| READING 4 scrolls of identify.
  3057 | D:4      | 3057 ||| IDENTIFYING cyan potion
  3058 | D:4      | 3058 ||| READING 3 scrolls of identify.
  3058 | D:4      | 3058 ||| IDENTIFYING fuming yellow potion
  3059 | D:4      | 3059 ||| DROPPING potion of flight.
  3060 | D:4      | 3060 ||| DROPPING potion of lignification.
  3061 | D:4      | 3061 ||| DROPPING potion of brilliance.
  3109 | D:5      | Entered Level 5 of the Dungeon
  3122 | D:5      | 3122 ||| Stepping ~*~*~tactically~*~*~ (hiding).
  3129 | D:5      | Reached skill level 3 in Fighting
  3167 | D:5      | 3167 ||| FLEEEEING.
  3168 | D:5      | 3168 ||| FLEEEEING.
  3169 | D:5      | 3169 ||| FLEEEEING.
  3170 | D:5      | 3170 ||| FLEEEEING.
  3171 | D:5      | 3171 ||| FLEEEEING.
  3172 | D:5      | 3172 ||| FLEEEEING.
  3218 | D:5      | 3218 ||| INVOKING Fiery Armour.
  3360 | D:5      | Reached skill level 9 in Unarmed Combat
  3377 | D:5      | 3377 ||| Stepping ~*~*~tactically~*~*~ (hiding).
  3380 | D:5      | 3380 ||| Stepping ~*~*~tactically~*~*~ (hiding).
  3381 | D:5      | 3381 ||| Stepping ~*~*~tactically~*~*~ (hiding).
  3382 | D:5      | 3382 ||| Stepping ~*~*~tactically~*~*~ (hiding).
  3384 | D:5      | 3384 ||| Stepping ~*~*~tactically~*~*~ (hiding).
  3903 | D:5      | Reached XP level 8. HP: 50/75 MP: 8/8
  4091 | D:5      | 4091 ||| READING scroll labelled BERIMP ROCSUDGHUHYL.
  4192 | D:5      | 4192 ||| READING scroll labelled FUAKHLE JEMMALU.
  4193 | D:5      | 4193 ||| DRINKING 2 pink potions.
  4194 | D:5      | 4194 ||| READING 4 scrolls of identify.
  4194 | D:5      | 4194 ||| IDENTIFYING glowing orange potion
  4195 | D:5      | 4195 ||| READING 3 scrolls of identify.
  4195 | D:5      | 4195 ||| IDENTIFYING inky potion
  4196 | D:5      | 4196 ||| DROPPING potion of ambrosia.
  4197 | D:5      | 4197 ||| DROPPING potion of berserk rage.
  4235 | D:6      | 4235 ||| Stepping ~*~*~tactically~*~*~ (hiding).
  4281 | D:6      | 4281 ||| Stepping ~*~*~tactically~*~*~ (hiding).
  4295 | D:6      | Found a runed translucent gate.
  4295 | D:6      | Found a runed translucent gate.
  4295 | D:6      | Found a runed translucent gate.
  4296 | D:6      | Noticed a spectral unseen horror
  4335 | D:6      | Identified the +0 pair of boots of the Cricket {rF- Str+10}
  4540 | D:6      | Noticed Blork the orc
  4550 | D:6      | 4550 ||| INVOKING Fiery Armour.
  4551 | D:6      | Killed Blork the orc
  4663 | D:6      | Reached skill level 10 in Unarmed Combat
  4705 | D:6      | 4705 ||| INVOKING Fiery Armour.
  4706 | D:6      | HP: 16/75 [killer bee (4)]
  4707 | D:6      | 4707 ||| DRINKING potion of heal wounds.
  4712 | D:6      | HP: 18/78 [poisoned by a killer bee]
  4717 | D:6      | HP: 14/78 [poisoned by a killer bee]
  4808 | D:6      | 4808 ||| Stepping ~*~*~tactically~*~*~ (hiding).
  5056 | D:6      | Noticed qw's ghost (amateur TrCA)
  5056 | D:6      | Noticed a spectral unseen horror
  5106 | D:6      | 5106 ||| Stepping ~*~*~tactically~*~*~ (stealth).
  5191 | D:6      | 5191 ||| Stepping ~*~*~tactically~*~*~ (stealth).
  5192 | D:6      | 5192 ||| Stepping ~*~*~tactically~*~*~ (stealth).
  5493 | D:6      | Reached XP level 9. HP: 83/84 MP: 9/9
  5550 | D:6      | 5550 ||| UPGRADING to +0 steam dragon scales.
  5560 | D:6      | 5560 ||| DROPPING +0 robe.
  5561 | D:6      | 5561 ||| READING scroll labelled NER SAFINWADGH.
  5637 | D:7      | 5637 ||| Stepping ~*~*~tactically~*~*~ (stealth).
  5641 | D:7      | 5641 ||| Stepping ~*~*~tactically~*~*~ (stealth).
  5647 | D:7      | 5647 ||| Stepping ~*~*~tactically~*~*~ (stealth).
  5668 | D:7      | Reached skill level 1 in Armour
  5669 | D:7      | 5669 ||| Stepping ~*~*~tactically~*~*~ (outnumbered).
  5691 | D:7      | 5691 ||| Stepping ~*~*~tactically~*~*~ (stealth).
  5693 | D:7      | 5693 ||| Stepping ~*~*~tactically~*~*~ (stealth).
  5710 | D:7      | Found a staircase to the Ecumenical Temple.
  5756 | D:7      | 5756 ||| Stepping ~*~*~tactically~*~*~ (hiding).
  5759 | D:7      | Reached skill level 11 in Unarmed Combat
  6066 | D:7      | Noticed Pikel
  6071 | D:7      | 6071 ||| INVOKING Fiery Armour.
  6081 | D:7      | Killed Pikel
  6219 | D:7      | Reached skill level 12 in Unarmed Combat
  6252 | D:7      | Noticed Joseph
  6259 | D:7      | 6259 ||| INVOKING Fiery Armour.
  6262 | D:7      | HP: 21/85 [Joseph/+0 quarterstaff (3)]
  6263 | D:7      | 6263 ||| READING scroll of teleportation.
  6265 | D:7      | 6265 ||| DRINKING potion of heal wounds.
  6266 | D:7      | Killed Joseph
  6482 | D:7      | 6482 ||| UPGRADING to +2 cloak.
  6487 | D:7      | 6487 ||| UPGRADING to amulet of guardian spirit.
  6492 | D:7      | 6492 ||| UPGRADING to +4 ring of protection.
  6493 | D:7      | 6493 ||| READING 2 scrolls of identify.
  6493 | D:7      | 6493 ||| IDENTIFYING bubbling cyan potion
  6494 | D:7      | 6494 ||| DROPPING potion of magic.
  6546 | D:8      | 6546 ||| Stepping ~*~*~tactically~*~*~ (stealth).
  6547 | D:8      | 6547 ||| Stepping ~*~*~tactically~*~*~ (stealth).
  6558 | D:8      | 6558 ||| Stepping ~*~*~tactically~*~*~ (outnumbered).
  6559 | D:8      | 6559 ||| Stepping ~*~*~tactically~*~*~ (outnumbered).
  6714 | D:8      | 6714 ||| Stepping ~*~*~tactically~*~*~ (outnumbered).
  6716 | D:8      | 6716 ||| Stepping ~*~*~tactically~*~*~ (outnumbered).
  6732 | D:8      | 6732 ||| INVOKING Fiery Armour.
  6734 | D:8      | 6734 ||| FLEEEEING.
  6736 | D:8      | 6736 ||| Stepping ~*~*~tactically~*~*~ (stealth).
  6737 | D:8      | 6737 ||| Stepping ~*~*~tactically~*~*~ (stealth).
  6739 | D:8      | 6739 ||| FLEEEEING.
  6802 | D:8      | Found a flagged portal.
  6936 | D:8      | 6936 ||| INVOKING Fiery Armour.
  7039 | D:8      | 7039 ||| READING scroll labelled WUQIME OROINO.
  7062 | D:9      | Reached XP level 10. HP: 96/96 MP: 10/10
  7252 | D:9      | Reached skill level 13 in Unarmed Combat
  7329 | D:9      | Noticed a two-headed ogre
  7340 | D:9      | 7340 ||| INVOKING Fiery Armour.
  7341 | D:9      | Killed a two-headed ogre
  7342 | D:9      | Reached skill level 3 in Armour
  7446 | D:9      | Found a staircase to the Orcish Mines.
  7450 | D:9      | 7450 ||| INVOKING Fiery Armour.
  7451 | D:9      | 7451 ||| Stepping ~*~*~tactically~*~*~ (outnumbered).
  7455 | D:9      | 7455 ||| Stepping ~*~*~tactically~*~*~ (outnumbered).
  7460 | D:9      | 7460 ||| Stepping ~*~*~tactically~*~*~ (outnumbered).
  7463 | D:9      | 7463 ||| Stepping ~*~*~tactically~*~*~ (outnumbered).
  7472 | D:9      | HP: 17/96 [orc warrior/+0 long sword (9)]
  7473 | D:9      | 7473 ||| DRINKING 2 potions of heal wounds.
  7474 | D:9      | 7474 ||| Stepping ~*~*~tactically~*~*~ (outnumbered).
  7475 | D:9      | 7475 ||| DRINKING potion of heal wounds.
  7479 | D:9      | HP: 24/96 [gnoll sergeant/+0 spear of venom (6)]
  7482 | D:9      | HP: 11/96 [poisoned by a gnoll sergeant]
  7485 | D:9      | 7485 ||| Stepping ~*~*~tactically~*~*~ (outnumbered).
  7487 | D:9      | HP: 7/96 [poisoned by a gnoll sergeant]
  7487 | D:9      | Slain by an orc warrior

Levels and vault maps discovered:
D:1:      dpeg_arrival_rhombus, layout_loops_corners
D:2:      layout_basic, basic_altar
D:3:      layout_loops_cross, dreamdust_ecumenical_altar_statues, uniq_sigmund
D:4:      layout_gridville, nzn_wu_jian_council_hall, uniq_crazy_yiuf_cottage,
          uniq_menkaure
D:5:      layout_basic, minmay_misc_feat_five
D:6:      layout_basic, gammafunk_ghost_necromancy, uniq_blork_the_orc
D:7:      layout_loops_ring, minmay_temple_entry_gardened_gates,
          chequers_avenue, uniq_pikel, uniq_joseph
D:8:      layout_cave_pools, serial_glass, glass_columns_b, glass_columns_c,
          enter_bailey_7
D:9:      layout_basic, kennysheep_orc_monster_closet_entryway

Skill      XL: |  1  2  3  4  5  6  7  8  9 10 |
---------------+-------------------------------+-----
Unarmed Combat | 4 5 7 8 9 10 12 13 | 13.7
Throwing       | 1 2 4 |  4.0
Fighting       | 3 4 5 |  5.0
Dodging        | 2 |  2.0
Armour         | 1 3 |  3.1
Spellcasting   | |  1.0
Fire Magic     | |  2.1

Action                   |  1- 3 |  4- 6 |  7- 9 | 10-12 || total
-------------------------+-------+-------+-------+-------++-------
Melee: Unarmed           |    68 |   126 |   282 |    78 ||   554
       Punch             |       |     5 |    13 |     3 ||    21
Throw: Javelin           |       |    19 |    27 |     2 ||    48
       Boomerang         |       |       |    15 |     7 ||    22
Invok: Fiery Armour      |       |     1 |     7 |     2 ||    10
  Use: Scroll            |     3 |     5 |    11 |       ||    19
       Potion            |       |     1 |     5 |     2 ||     8
Armor: Robe              |    24 |    23 |    36 |       ||    83
       Steam dragon scal |       |       |    66 |    53 ||   119
Dodge: Dodged            |    31 |    42 |   108 |    38 ||   219

Table legend:
 A = Non-vault XP
 B = Vault XP
 C = Vault XP percentage of total XP
 D = Non-vault monster count
 E = Vault monster count
 F = Vault count percentage of total count
                 A         B        C        D         E       F
            +---------+---------+-------+---------+---------+-------
      Total |    6008 |    2560 |  29.9 |     191 |      18 |   8.6
            +---------+---------+-------+---------+---------+-------
        D:1 |      40 |       0 |   0.0 |      25 |       0 |   0.0
        D:2 |      65 |       0 |   0.0 |      20 |       0 |   0.0
        D:3 |      91 |     243 |  72.8 |      23 |       1 |   4.2
        D:4 |     307 |     175 |  36.3 |      25 |       1 |   3.8
        D:5 |     625 |       0 |   0.0 |      14 |       0 |   0.0
        D:6 |    1165 |      96 |   7.6 |      25 |       1 |   3.8
        D:7 |     728 |    1093 |  60.0 |      27 |       2 |   6.9
        D:8 |     840 |      45 |   5.1 |      17 |       4 |  19.0
        D:9 |    2147 |     908 |  29.7 |      15 |       9 |  37.5
            +---------+---------+-------+---------+---------+-------
